 Dungeon Crawl Stone Soup version 0.22-a0-159-g7ce444f (webtiles) character file.

51 theanonym the Cudgeler (level 3, -6/28 HPs)
             Began as a Mummy Skald on Feb 9, 2018.
             Mangled by Sigmund
             ... wielding a +0 scythe
              (14 damage)
             ... on level 2 of the Dungeon.
             The game lasted 00:03:05 (1371 turns).

theanonym the Cudgeler (Mummy Skald)                Turns: 1371, Time: 00:03:06

Health: -6/28      AC:  5    Str: 15    XL:     3   Next: 57%
Magic:  3/7        EV: 11    Int: 12    God:
Gold:   94         SH:  0    Dex: 11    Spells: 6/7 levels left

rFire    x . .     SeeInvis .   a - +0 mace
rCold    + . .     Gourm    .   (no shield)
rNeg     + + +     Faith    +   d - +0 ring mail
rPois    ∞         Spirit   .   (no helmet)
rElec    .         Reflect  .   (no cloak)
rCorr    .         Harm     .   (no gloves)
MR       .....                  (no boots)
Stlth    +.........             e - amulet of faith
HPRegen  0.09/turn              g - +4 ring of slaying
MPRegen  0.10/turn              (no ring)

@: infused (expiring)
A: no food or potions, fire vulnerability, cold resistance 1, negative energy
resistance 3, torment resistance, unbreathing
a: no special abilities


Innate Abilities, Weirdness & Mutations

You do not eat or drink.
Your flesh is vulnerable to fire.
You are immune to poison.
Your flesh is cold resistant. (rC+)
You are immune to negative energy. (rN+++)
You are immune to unholy pain and torment.
You can survive without breathing.


   Skills:
 + Level 2.7 Fighting
 * Level 2.8 Maces & Flails
 - Level 0.7 Armour
 - Level 1.5 Dodging
 - Level 2.6 Spellcasting
 - Level 2.4 Charms


You had 6 spell levels left.
You knew the following spells:

 Your Spells              Type           Power        Failure   Level  Hunger
a - Infusion              Chrm           #...         19%         1    N/A

Skill      XL: |  1 |
---------------+----+-----
Maces & Flails | 2 |  2.8
Fighting       | |  2.7
Armour         | |  0.7
Dodging        | |  1.5
Spellcasting   | |  2.6
Charms         | |  2.4

Action                   || total
-------------------------++-------
Melee: Mace              ||    92
 Cast: Infusion          ||    10
Armor: Leather armour    ||     3
       Ring mail         ||    44
Dodge: Dodged            ||    74

Inventory:

Hand Weapons
 a - a +0 mace (weapon)
Armour
 b - a +0 leather armour
 d - a +0 ring mail (worn)
   (You found it on level 1 of the Dungeon)
Jewellery
 e - an amulet of faith (around neck)
   (You found it on level 1 of the Dungeon)
 g - a +4 ring of slaying (left hand)
   (You found it on level 1 of the Dungeon)
Scrolls
 f - a scroll of immolation {unknown}
 h - a scroll of identify {unknown}
 i - a scroll of enchant armour {unknown}
 j - a scroll of amnesia {unknown}
Books
 c - a book of Battle


You were on level 2 of the Dungeon.
You were not hungry.

You visited 1 branch of the dungeon, and saw 2 of its levels.

You collected 94 gold pieces.

Dungeon Overview and Level Annotations

Branches:
Dungeon (2/15)

Altars:

Annotations:
D:2 dig, Sigmund

............####.########
.......(..#.# #.........#
.........##.###.........# .#
.........###..##.........# .#
#.........# ##.##.........#
.#####.........# #..#)........##
..##...........# ##.#...........
...............#####.#...........
.##............{@................
...............######..#.........
.................#####..#########
#.>..........###........#
#....†.....### ########.#####
....†......# #........#
...........# #........#
.#####....## #........# ## ####.#
##########


There were no monsters in sight!

Notes
Turn   | Place    | Note
-------+----------+-------------------------------------------
     0 | D:1      | theanonym the Mummy Skald began the quest for the Orb.
     0 | D:1      | Reached XP level 1. HP: 16/16 MP: 4/4
   231 | D:1      | Reached skill level 2 in Maces & Flails
   238 | D:1      | Reached XP level 2. HP: 16/22 MP: 2/5
   930 | D:2      | HP: 11/23 [goblin (2)]
  1099 | D:2      | Reached XP level 3. HP: 24/28 MP: 5/7
  1236 | D:2      | Noticed Sigmund
  1367 | D:2      | HP: 10/28 [something (8)]
  1371 | D:2      | Mangled by Sigmund

Vanquished Creatures
  2 adders (D:2)
  A dart slug (D:2)
  A leopard gecko (D:2)
  A ball python (D:1)
  6 bats
  2 giant cockroaches
  6 goblins
  2 hobgoblins (D:1)
  3 frilled lizards (D:1)
  4 kobolds
  2 rats
30 creatures vanquished.

Table legend:
 A = Turns spent in this place as a percentage of turns spent in the entire game.
 B = Non-inter-level travel turns spent in this place as a percentage of non-inter-level travel turns spent in the entire game.
 C = Inter-level travel turns spent in this place as a percentage of turns spent in this place.
 D = Turns resting spent in this place as a percentage of non-inter-level travel turns spent in this place.
 E = Turns spent auto-exploring this place as a percentage of non-inter-level travel turns spent in this place.
 F = Non-inter-level travel turns spent in this place divided by the number of levels of this place that you've seen.
                   A       B       C       D       E      F
               +-------+-------+-------+-------+-------+----------------------
         Total | 100.0 | 100.0 |   3.6 |  29.4 |  53.7 | 660.5
       Dungeon | 100.0 | 100.0 |   3.6 |  29.4 |  53.7 | 660.5
               +-------+-------+-------+-------+-------+----------------------
